 Dungeon Crawl Stone Soup version 0.29.1-13-g9f3cf754e1 (webtiles) character file.

Game seed: 2381614985392716321

212 Kold the Shooter (level 6, -7/37 HPs)
             Began as a Kobold Hunter on Jan 31, 2023.
             Mangled by Eustachio
             ... wielding a +0 rapier
              (8 damage)
             ... on level 4 of the Dungeon.
             The game lasted 00:03:16 (3642 turns).

Kold the Shooter (Kobold Hunter)                    Turns: 3642, Time: 00:03:17

Health: -7/37      AC:  4    Str:  8      XL:     6   Next: 14%
Magic:  6/6        EV: 16    Int: 10      God:
Gold:   171        SH:  0    Dex: 20 (21) Spells: 5/5 levels left

rFire   . . .      SeeInvis .   a - +0 shortbow
rCold   . . .      Faith    .   (shield currently unavailable)
rNeg    . . .      Spirit   .   c - +0 leather armour
rPois   .          Reflect  .   (no helmet)
rElec   .          Harm     .   (no cloak)
rCorr   .          Rampage  .   (no gloves)
Will    .....                   g - +0 pair of boots
Stlth   ++++......              (no amulet)
HPRegen 0.12/turn               (no ring)
MPRegen 0.10/turn               (no ring)

@: no status effects
A: small, no large weapons, nightstalker 3
a: no special abilities


You were on level 4 of the Dungeon.
You visited 1 branch of the dungeon, and saw 4 of its levels.

You collected 171 gold pieces.

Inventory:

Hand Weapons
 a - a +0 shortbow (weapon)
Armour
 c - a +0 leather armour (worn)
 g - a +0 pair of boots (worn)
Wands
 m - a wand of iceblast (9)
 r - a wand of mindburst (9)
Scrolls
 b - a scroll of immolation
 f - a scroll of fear {unknown}
 h - 2 scrolls of teleportation {unknown}
 i - a scroll of amnesia {unknown}
 k - a scroll of summoning {unknown}
 l - 3 scrolls of identify {unknown}
 o - a scroll of blinking {unknown}
 p - a scroll of silence {unknown}
Potions
 d - a potion of flight {unknown}
 e - 4 potions of berserk rage {unknown}
 j - 3 potions of heal wounds {unknown}
 n - a potion of resistance {unknown}
 q - a potion of attraction {unknown}


   Skills:
 + Level 3.4 Fighting
 * Level 7.1 Ranged Weapons
 + Level 3.8 Dodging
 + Level 3.6 Stealth


You had 5 spell levels left.
You didn't know any spells.
Your spell library was empty.

Dungeon Overview and Level Annotations

Branches:
Dungeon (4/15)
 Temple: D:4-7

Altars:

Annotations:
D:4 Eustachio


Innate Abilities, Weirdness & Mutations

You are small and have problems with some larger weapons.
You are completely attuned to the shadows.


Message History

Eustachio blinks!
Fire: a) +0 shortbow
Press: ? - help, Q - select action, (/) - cycle Shift-Dir - straight line, f/p - Eustachio
Aim: Eustachio, wielding a +0 rapier and wearing a +0 leather armour (heavily wounded, fast, 57% to hit)
You shoot an arrow. The arrow misses Eustachio.
The bat completely misses you. The bat closely misses you.
The white imp gestures at you. The puff of frost hits you!
The crimson imp blinks!
Fire: a) +0 shortbow
Press: ? - help, Q - select action, (/) - cycle Shift-Dir - straight line, f/p - Eustachio
Aim: Eustachio, wielding a +0 rapier and wearing a +0 leather armour (heavily wounded, fast, 57% to hit)
You shoot an arrow. The arrow hits Eustachio.
Eustachio is severely wounded.
The bat misses you. The bat hits you but does no damage. The quasit bites you.
You feel clumsy. The quasit barely misses you. The quasit misses you.
The bat hits you but does no damage. The white imp gestures at you.
The puff of frost hits you. Eustachio misses you. The quasit bites you.
The quasit claws you but does no damage. x2
Fire: a) +0 shortbow
Press: ? - help, Q - select action, (/) - cycle Shift-Dir - straight line, f/p - Eustachio
Aim: Eustachio, wielding a +0 rapier and wearing a +0 leather armour (severely wounded, fast, 57% to hit)
You shoot an arrow. The arrow closely misses Eustachio.
The bat barely misses you. x2; Eustachio hits you with a +0 rapier!
The white imp gestures at you. The puff of frost hits you!
* * * LOW HITPOINT WARNING * * *
The quasit bites you but does no damage.
The quasit barely misses you. x2
Eustachio asks, "How can you live without manners, virtues and honour?"
Eustachio hits you with a +0 rapier.
* * * LOW HITPOINT WARNING * * *
The crimson imp shouts, "Slither home, thou yeasty sheep-biting hugger-mugger!"
Fire: a) +0 shortbow
Press: ? - help, Q - select action, (/) - cycle Shift-Dir - straight line, f/p - Eustachio
Aim: Eustachio, wielding a +0 rapier and wearing a +0 leather armour (severely wounded, fast, 57% to hit)
You shoot an arrow. The arrow barely misses Eustachio.
The bat barely misses you. x2; Eustachio hits you with a +0 rapier!
You die...

##.. #####..##
#.......###
#.......... #.......
#..........
.#........#..........
..........#..........
#.5$.....#..........
#.5@b.b..#.#........
##..@.## #.#........
....5..###..........
.....................
........>....###.....
......####### #..†##
.....# ###.# ....
#######.# #.......#


You could see Eustachio (fast), a quasit (summoned), a crimson imp (summoned), a
white imp (summoned) and 2 bats.

Vanquished Creatures
  2 hounds (D:3)
  An iguana (D:3)
  A gnoll (D:3)
  4 adders
  3 worms
  2 dart slugs
  An orc (D:3)
  6 ball pythons
  4 bats (D:2)
  5 endoplasms
  2 giant cockroaches
  A goblin (D:2)
  10 hobgoblins
  5 jackals
  4 kobolds
  7 quokkas
  4 frilled lizards
  4 rats
66 creatures vanquished.

Notes
Turn   | Place    | Note
-------+----------+-------------------------------------------
     0 | D:1      | Kold the Kobold Hunter began the quest for the Orb.
     0 | D:1      | Reached XP level 1. HP: 12/12 MP: 1/1
   235 | D:1      | Reached XP level 2. HP: 18/18 MP: 2/2
   606 | D:1      | Reached XP level 3. HP: 19/22 MP: 3/3
  1569 | D:1      | Reached skill level 6 in Ranged Weapons
  1635 | D:2      | Reached XP level 4. HP: 27/27 MP: 4/4
  2547 | D:2      | Reached XP level 5. HP: 32/32 MP: 5/5
  3234 | D:3      | Reached skill level 7 in Ranged Weapons
  3234 | D:3      | Reached XP level 6. HP: 35/37 MP: 6/6
  3630 | D:4      | Noticed Eustachio
  3641 | D:4      | HP: 1/37 [Eustachio/+0 rapier (4)]
  3642 | D:4      | Mangled by Eustachio

Illustrated notes

Levels and vault maps discovered:
D:1:      co_arrival_random_square_maze, layout_basic
D:2:      layout_loops_corners
D:3:      layout_loops_cross, corexii_corridor_pit, kennysheep_donut,
          cheibrodos_gnoll_hut
D:4:      layout_basic, pf_just_have_faith, hangedman_ru_absence,
          dk_noncrumbling_4, uniq_edmund, uniq_eustachio

Skill      XL: |  1  2  3  4  5 |
---------------+----------------+-----
Stealth        | 2 3 |  3.6
Dodging        | 3 |  3.8
Ranged Weapons | 6 7 |  7.1
Fighting       | 3 |  3.4

Action                   |  1- 3 |  4- 6 || total
-------------------------+-------+-------++-------
 Fire: Shortbow          |    81 |   107 ||   188
Armor: Leather armour    |     8 |    10 ||    18
Dodge: Dodged            |    52 |    62 ||   114
